Map: Tropic Shores

Players

trancient - Winner!

  • Race: Protoss Protoss
  • Spawn Location: 6:00

BattlePro - Winner!

  • Race: Zerg Zerg
  • League: Gold
  • Spawn Location: 6:00

FvrtCheese - Winner!

  • Race: Terran Terran
  • Spawn Location: 5:00

Dzy - Winner!

  • Race: Protoss Protoss
  • League: Platinum
  • Spawn Location: 5:00

JaySlays

  • Race: Terran Terran
  • Spawn Location: 11:00

Wolf

  • Race: Zerg Zerg
  • League: Diamond
  • Spawn Location: 12:00

Buzzkill

  • Race: Protoss Protoss
  • League: Platinum
  • Spawn Location: 12:00

Nifzilla

  • Race: Protoss Protoss
  • Spawn Location: 0:00

VOD

Have the link to the VOD?

Description

Time

  • Played on: April 15, 2018, 9:25 p.m.
  • Length: 12:21
Show
View Real Time Build Order
Export as new Build Order

trancient Protoss - Winner!

Build Orders: Oracle Opening 

Get SALT Encoding   

  12  0:01  Probe  
  13  0:15  Pylon  
  13  0:18  Probe  
  14  0:30  Probe  
  14  0:35  Gateway  
  15  0:42  Probe  
  16  0:45  Assimilator  
  16  0:54  Probe (Chrono Boost)  
  17  0:57  Assimilator  
  17  1:06  Probe (Chrono Boost)  
  18  1:14  Probe (Chrono Boost)  
  19  1:21  Probe (Chrono Boost)  
  19  1:23  Cybernetics Core  
  21  1:33  Probe (Chrono Boost)  
  21  1:39  Probe (Chrono Boost)  
  22  1:47  Probe  
  23  1:59  Pylon  
  23  2:00  Stargate  
  23  2:20  Nexus  
  23  2:24  Assimilator  
  23  2:27  Probe  
  24  2:33  Assimilator  
  24  2:41  Oracle (Chrono Boost)  
  27  2:51  Probe  
  28  3:03  Probe  
  29  3:15  Probe  
  30  3:23  Pylon  
  30  3:24  Pylon  
  30  3:29  Stargate  
  30  3:31  Oracle  
  33  3:36  Probe (Chrono Boost)  
  33  3:40  Probe (Chrono Boost)  
  35  4:15  Phoenix  
  37  4:18  Phoenix  
  36  4:47  Phoenix x2  
  40  4:57  Fleet Beacon  
  40  5:00  Probe (Chrono Boost)  
  40  5:01  Probe (Chrono Boost)  
  42  5:10  Probe x2 (Chrono Boost)  
  42  5:13  Phoenix  
  46  5:15  Probe x2 (Chrono Boost)  
  46  5:17  Warp Gate  
  48  5:26  Probe x2  
  50  5:38  Probe  
  51  5:48  Phoenix x2  
  38  6:27  Phoenix x2  
  42  6:52  Phoenix x2  
  44  7:17  Phoenix x2  
  48  7:42  Phoenix  
  43  8:11  Phoenix  
  43  8:12  Phoenix  
  47  8:27  Anion Pulse-Crystals  
  47  8:32  Stargate  
  47  8:35  Nexus  
  47  8:36  Phoenix x2, Assimilator, Stargate  
  47  8:41  Assimilator  
  51  9:23  Probe (Chrono Boost)  
  53  9:28  Probe (Chrono Boost)  
  53  9:34  Probe (Chrono Boost)  
  53  9:38  Probe (Chrono Boost)  
  55  9:39  Probe (Chrono Boost)  
  56  9:48  Probe  
  56  9:50  Probe (Chrono Boost)  
  58  9:59  Probe (Chrono Boost)  
  59  10:02  Probe (Chrono Boost)  
  59  10:05  Probe (Chrono Boost)  
  61  10:09  Probe (Chrono Boost)  
  61  10:10  Probe (Chrono Boost)  
  61  10:11  Graviton Catapult  
  61  10:13  Probe (Chrono Boost)  
  64  10:14  Probe (Chrono Boost)  
  64  10:16  Probe  
  66  10:24  Probe  
  66  10:26  Probe  
  66  10:28  Probe  
  61  10:36  Probe  
  61  10:38  Probe  
  55  10:56  Phoenix x4  
  53  11:20  Phoenix  
  53  11:21  Probe (Chrono Boost), Phoenix  
  56  11:31  Probe (Chrono Boost)  
  57  11:36  Probe (Chrono Boost)  
  58  11:48  Probe  
  59  12:00  Probe  
Show
View Real Time Build Order
Export as new Build Order

BattlePro Zerg - Winner!

Build Orders: Hatch First, Lurkers 

Get SALT Encoding   

  12  0:02  Drone  
  13  0:13  Overlord  
  13  0:18  Drone  
  14  0:32  Drone x2  
  16  0:54  Hatchery  
  16  0:56  Drone  
  16  0:59  Drone  
  17  1:15  Spawning Pool  
  16  1:18  Extractor  
  16  1:19  Drone  
  17  1:40  Drone x3  
  19  1:51  Overlord  
  19  2:02  Queen  
  19  2:05  Queen  
  23  2:14  Drone x3  
  26  2:18  Drone  
  27  2:27  Drone  
  28  2:40  Lair  
  28  2:48  Extractor  
  28  2:50  Extractor, Drone  
  27  2:52  Drone  
  27  2:53  Drone x2  
  27  2:55  Drone x2  
  32  3:01  Overlord  
  32  3:26  Drone x3  
  36  3:27  Drone x4  
  36  3:29  Overlord  
  39  4:00  Drone, Hydralisk Den  
  39  4:07  Overlord  
  39  4:11  Extractor  
  39  4:15  Hatchery  
  37  4:20  Drone x3  
  37  4:21  Drone x2  
  37  4:22  Drone x3  
  45  4:47  Hydralisk x2, Muscular Augments  
  45  4:48  Hydralisk x5  
  59  4:53  Overlord  
  59  4:59  Drone  
  60  5:11  Drone x2  
  62  5:15  Hydralisk x2  
  66  5:26  Hydralisk x4  
  74  5:47  Overlord x3  
  74  5:50  Evolution Chamber  
  74  5:51  Drone  
  74  5:53  Evolution Chamber  
  74  5:54  Drone  
  74  6:04  Queen  
  70  6:18  Drone x2  
  70  6:19  Queen  
  70  6:20  Hydralisk  
  70  6:21  Hydralisk x6  
  86  6:30  Grooved Spines  
  86  7:01  Hatchery  
  85  7:14  Hydralisk x2  
  85  7:15  Hydralisk x5  
  91  7:17  Overlord x2  
  67  8:08  Zerg Ground Armor Level 1, Zerg Missile Weapons Level 1  
  67  8:09  Hydralisk x7  
  67  8:10  Hydralisk x2  
  81  8:18  Lurker Den  
  80  8:20  Drone  
  80  8:23  Queen  
  83  8:58  Hydralisk  
  83  8:59  Hydralisk x7  
  83  9:00  Hydralisk x5  
  83  9:01  Hydralisk  
  111  9:54  Lurker x5  
  111  9:55  Lurker x4  
  120  10:01  Overlord x3  
  120  10:02  Overlord x3  
  120  10:04  Overlord  
  110  10:38  Hydralisk x7  
  110  10:39  Hydralisk  
  126  10:48  Extractor  
  77  11:39  Hydralisk  
  77  11:40  Hydralisk x10  
  77  11:41  Hydralisk x2  
  99  11:55  Hydralisk x4  
  107  12:07  Extractor  
Show
View Real Time Build Order
Export as new Build Order

FvrtCheese Terran - Winner!

Build Orders:  

Get SALT Encoding   

  12  0:01  SCV  
  13  0:13  SCV  
  14  0:25  SCV  
  15  0:34  Supply Depot  
  15  0:56  SCV  
  16  0:57  Barracks  
  16  1:04  Barracks  
  16  1:07  Barracks  
  16  1:17  Barracks  
  16  1:45  Orbital Command  
  16  1:55  Marine, Supply Depot  
  16  1:56  Marine  
  16  1:58  Marine  
  19  2:06  Marine  
  20  2:19  Marine x3  
  23  2:24  Marine  
  24  2:31  Supply Depot  
  24  2:37  Marine x3  
  24  2:42  Marine  
  28  2:55  Marine x3  
  28  2:58  Supply Depot  
  31  3:00  Marine  
  32  3:12  Marine  
  16  4:40  Command Center, Refinery  
  16  4:43  Refinery  
  16  4:45  Marine x4  
  18  4:48  Engineering Bay x2  
  20  5:02  Marine  
  20  5:03  Marine x3  
  24  5:10  Command Center  
  24  5:20  Marine  
  24  5:21  Marine x3  
  26  5:23  Missile Turret  
  26  5:28  Missile Turret  
  27  5:38  Marine x2  
  27  5:39  Marine  
  28  6:24  Orbital Command  
  28  6:30  Terran Infantry Weapons Level 1  
  28  6:52  SCV  
  28  6:53  SCV  
  30  7:04  SCV  
  30  7:05  SCV  
  32  7:10  Marine  
  32  7:11  Marine x3  
  36  7:16  SCV, Terran Infantry Armor Level 1  
  36  7:17  SCV  
  38  7:24  Missile Turret  
  38  7:26  Missile Turret  
  38  7:28  Marine x4, SCV  
  38  7:29  SCV  
  44  7:40  SCV  
  44  7:41  SCV  
  44  7:46  Marine x4, Missile Turret  
  37  8:01  Planetary Fortress  
  37  8:04  Marine x4, SCV x2  
  43  8:16  SCV x2  
  45  8:21  Marine  
  46  8:27  Factory  
  46  8:28  SCV  
  46  8:29  SCV  
  48  8:40  SCV  
  48  8:41  SCV  
  50  8:47  Missile Turret  
  50  8:48  Missile Turret  
  50  8:51  Missile Turret  
  50  8:52  SCV  
  50  8:53  SCV  
  52  9:04  Refinery  
  52  9:06  SCV x3, Refinery  
  55  9:13  Factory Tech Lab  
  55  9:14  Barracks Tech Lab  
  55  9:15  Barracks Tech Lab, Barracks Reactor  
  55  9:16  Barracks Reactor  
  55  9:27  Starport, Armory  
  55  9:29  Starport  
  55  9:40  Marine, Siege Tank  
  55  9:41  Marine  
  60  9:51  Supply Depot, Refinery  
  60  9:52  Supply Depot, Refinery  
  60  9:53  Supply Depot  
  60  9:58  Marine x2  
  60  9:59  Marine x4  
  66  10:05  Medivac  
  68  10:07  Starport Tech Lab  
  68  10:12  Siege Tank  
  71  10:16  Marine x3  
  71  10:17  Marine x2  
  76  10:34  Marine x2  
  78  10:46  Marine  
  78  10:47  Marine x3  
  78  10:48  Siege Tank, Raven  
  87  10:52  Marine x2  
  80  11:04  Marine  
  80  11:05  Marine x3  
  80  11:09  Marine  
  80  11:10  Marine  
  77  11:14  Medivac  
  79  11:20  Siege Tank  
  79  11:22  Marine x3  
  79  11:23  Marine  
  86  11:27  Marine  
  86  11:28  Marine  
  86  11:31  Medivac  
  89  11:40  Marine x4  
  89  11:45  Marine x2  
  91  11:58  Marine x4  
Show
View Real Time Build Order
Export as new Build Order

Dzy Protoss - Winner!

Build Orders: Cannon Rush 

Get SALT Encoding   

  13  0:08  Probe (Chrono Boost)  
  13  0:20  Pylon  
  13  0:29  Probe  
  14  0:45  Forge  
  14  0:47  Gateway  
  14  0:51  Probe (Chrono Boost)  
  15  1:03  Probe (Chrono Boost)  
  17  1:11  Probe (Chrono Boost)  
  17  1:17  Probe  
  17  1:20  Pylon  
  18  1:30  Probe  
  18  1:32  Photon Cannon  
  19  1:39  Photon Cannon  
  19  1:53  Photon Cannon  
  19  2:00  Photon Cannon  
  19  2:05  Pylon  
  19  2:10  Assimilator  
  19  2:12  Probe (Chrono Boost)  
  21  2:23  Probe (Chrono Boost)  
  21  2:26  Cybernetics Core  
  21  2:42  Probe  
  22  2:45  Assimilator  
  22  2:50  Pylon  
  22  2:54  Probe  
  23  3:01  Photon Cannon  
  23  3:06  Probe  
  23  3:09  Photon Cannon  
  24  3:16  Shield Battery  
  24  3:32  Photon Cannon  
  24  3:40  Stargate  
  24  3:55  Stargate  
  24  4:03  Photon Cannon  
  24  4:06  Shield Battery  
  24  4:23  Void Ray (Chrono Boost)  
  28  4:38  Pylon  
  32  5:08  Void Ray (Chrono Boost)  
  32  5:12  Void Ray (Chrono Boost)  
  36  5:29  Nexus  
  32  6:35  Void Ray x2  
  40  7:42  Void Ray x2  
  48  7:45  Probe  
  49  7:57  Probe  
  50  8:09  Probe  
  51  8:21  Probe  
  51  8:25  Void Ray  
  56  8:33  Probe  
  41  8:36  Void Ray  
  45  8:44  Assimilator  
  45  8:45  Probe  
  46  8:49  Assimilator  
  46  8:52  Photon Cannon  
  46  8:57  Probe  
  46  8:59  Shield Battery  
  47  9:03  Shield Battery  
  47  9:05  Shield Battery  
  47  9:08  Void Ray  
  47  9:09  Probe  
  52  9:10  Pylon  
  52  9:14  Pylon  
  52  9:21  Probe (Chrono Boost)  
  53  9:30  Void Ray  
  58  9:33  Probe (Chrono Boost)  
  58  9:38  Probe (Chrono Boost)  
  59  9:49  Probe (Chrono Boost), Photon Cannon  
  59  9:51  Void Ray  
  64  9:54  Probe (Chrono Boost)  
  65  10:03  Probe (Chrono Boost)  
  66  10:12  Probe (Chrono Boost), Void Ray  
  71  10:18  Probe  
  72  10:34  Void Ray  
  72  10:59  Void Ray  
  76  11:16  Void Ray  
  80  11:19  Nexus  
  80  11:30  Stargate  
  56  12:10  Photon Cannon  
  56  12:11  Photon Cannon  
  56  12:17  Photon Cannon  
  56  12:19  Photon Cannon  
Show
View Real Time Build Order
Export as new Build Order

JaySlays Terran 

Build Orders:  

Get SALT Encoding   

  12  0:01  SCV  
  13  0:13  SCV  
  14  0:18  Supply Depot  
  14  0:27  SCV  
  15  0:40  SCV  
  16  0:44  Barracks  
  16  0:51  Refinery  
  16  0:52  SCV  
  17  1:04  SCV  
  18  1:16  SCV  
  19  1:28  SCV  
  20  1:39  Command Center  
  20  1:43  Orbital Command  
  20  1:51  Supply Depot  
  20  2:02  Barracks Tech Lab  
  20  2:07  Factory  
  20  2:19  SCV  
  21  2:24  Refinery  
  21  2:31  SCV  
  22  2:43  SCV  
  23  2:54  Starport  
  23  2:55  SCV  
  23  2:56  Factory Tech Lab  
  24  3:07  SCV  
  24  3:10  Marine  
  26  3:19  SCV  
  27  3:20  Siege Tank  
  29  3:27  Marine  
  30  3:39  SCV  
  30  4:05  Starport Tech Lab  
  30  4:07  SCV  
  31  4:18  Siege Tank  
  31  4:22  Orbital Command  
  34  4:26  SCV  
  35  4:34  Engineering Bay  
  35  4:38  SCV  
  36  4:45  Marine  
  37  4:47  Raven  
  37  4:50  SCV  
  40  4:53  SCV  
  41  5:01  Missile Turret  
  41  5:02  SCV  
  41  5:03  Marine  
  43  5:12  Siege Tank  
  46  5:16  Supply Depot  
  46  5:19  Supply Depot  
  46  5:26  Starport  
  46  5:28  Starport  
  46  5:38  SCV x2  
  48  5:50  SCV x2  
  48  5:53  Refinery  
  48  5:54  Refinery  
  43  6:13  Starport Tech Lab  
  43  6:14  Starport Tech Lab  
  43  6:20  Missile Turret  
  43  6:22  Missile Turret  
  37  6:47  Raven  
  37  6:51  Raven  
  41  7:17  Barracks Reactor  
  41  7:34  Raven  
  43  7:50  Corvid Reactor  
  43  7:52  Barracks  
  43  8:01  Barracks  
  35  8:39  Raven  
  37  8:51  Viking  
  39  8:57  Command Center  
  39  8:58  Barracks Reactor  
  39  8:59  Marine x2, Barracks Reactor  
  41  9:17  Marine x2  
  43  9:35  Marine  
  44  9:39  Marine x2  
  44  9:40  Marine  
  44  9:41  Missile Turret  
  44  9:42  Missile Turret x3  
  47  9:48  Barracks  
  47  9:52  Supply Depot  
  47  9:55  Supply Depot  
  47  10:09  Marine x6, Raven  
  47  10:11  Orbital Command  
  47  10:13  SCV  
  56  10:17  Supply Depot  
  56  10:18  Supply Depot  
  56  10:25  SCV  
  56  10:27  Marine x3, Raven  
  62  10:37  SCV  
  64  10:50  SCV  
  64  11:02  Marine x5  
  64  11:03  Marine  
  70  11:18  Raven x2  
  70  11:19  Marine  
  70  11:20  Marine  
  63  11:59  Marine x4  
  63  12:00  Marine x2  
Show
View Real Time Build Order
Export as new Build Order

Wolf Zerg 

Build Orders: Hatch First 

Get SALT Encoding   

  12  0:06  Drone  
  13  0:14  Drone  
  14  0:22  Overlord  
  14  0:40  Drone x2  
  16  0:51  Drone  
  17  1:02  Drone  
  18  1:05  Hatchery  
  18  1:11  Drone  
  18  1:17  Extractor  
  17  1:25  Spawning Pool  
  16  1:26  Drone  
  17  1:33  Drone  
  18  1:44  Drone  
  19  1:54  Overlord  
  19  2:13  Drone  
  19  2:15  Queen  
  20  2:16  Zergling x2  
  20  2:20  Metabolic Boost  
  20  2:21  Queen  
  20  2:22  Zergling x2  
  26  2:33  Drone x2  
  28  2:38  Zergling x2  
  29  2:46  Evolution Chamber  
  29  2:49  Drone, Roach Warren  
  29  2:50  Drone x2  
  31  2:58  Drone  
  31  3:01  Queen  
  31  3:05  Drone  
  34  3:10  Overlord  
  34  3:15  Overlord  
  34  3:54  Zergling x16  
  42  4:03  Drone  
  42  4:07  Spore Crawler  
  42  4:08  Spore Crawler  
  38  4:27  Drone x5  
  43  4:41  Drone  
  43  4:42  Overlord  
  43  4:43  Overlord x5  
  44  4:47  Lair  
  44  4:49  Extractor, Zerg Missile Weapons Level 1  
  43  4:56  Drone x2, Evolution Chamber  
  44  5:13  Drone x3  
  44  5:14  Drone x3  
  50  5:16  Extractor  
  50  5:19  Extractor  
  48  5:41  Drone  
  48  5:42  Drone x6  
  55  5:53  Hydralisk Den  
  55  5:56  Drone  
  55  5:57  Drone x4  
  57  5:58  Spire, Zerg Ground Armor Level 1  
  58  6:25  Hydralisk x4  
  58  6:26  Hydralisk x2  
  70  6:49  Muscular Augments  
  70  6:50  Zerg Missile Weapons Level 2  
  70  7:04  Zergling x2  
  70  7:05  Zergling x22  
  82  7:20  Hydralisk x2  
  82  7:21  Hydralisk x3  
  82  7:43  Hydralisk x6  
  82  7:54  Spore Crawler  
  71  8:08  Hydralisk  
  71  8:09  Hydralisk x5  
  81  8:13  Queen  
  82  8:39  Hydralisk  
  82  8:40  Hydralisk x3  
  90  8:44  Overlord x3  
  90  8:53  Spore Crawler  
  90  8:54  Zerg Ground Armor Level 2  
  89  8:57  Overlord  
  89  8:58  Mutalisk  
  91  9:22  Grooved Spines  
  91  9:26  Zergling x6  
  91  9:27  Zergling x18  
  103  9:42  Hatchery  
  103  9:45  Mutalisk  
  102  9:46  Mutalisk x2  
  102  9:50  Overlord  
  102  9:51  Overlord x3  
  108  10:00  Infestation Pit  
  107  10:08  Zergling x2  
  107  10:09  Zergling x6  
  111  10:30  Spore Crawler  
  108  10:55  Hydralisk x10  
  108  10:56  Hydralisk x4  
  85  11:21  Zergling x4  
  85  11:22  Zergling x14  
  92  11:26  Zergling x2  
Show
View Real Time Build Order
Export as new Build Order

Buzzkill Protoss 

Build Orders: Oracle Opening 

Get SALT Encoding   

  12  0:14  Assimilator  
  12  0:15  Probe (Chrono Boost)  
  13  0:25  Probe (Chrono Boost)  
  14  0:30  Pylon  
  14  0:36  Probe  
  15  0:49  Probe  
  16  0:53  Gateway  
  16  1:01  Probe  
  17  1:11  Forge  
  17  1:15  Probe (Chrono Boost)  
  18  1:24  Assimilator  
  19  1:25  Probe (Chrono Boost)  
  19  1:30  Probe (Chrono Boost)  
  20  1:44  Cybernetics Core  
  20  1:53  Photon Cannon  
  20  1:57  Probe (Chrono Boost)  
  22  2:09  Probe (Chrono Boost)  
  22  2:10  Pylon  
  22  2:16  Probe (Chrono Boost)  
  23  2:34  Stargate  
  23  2:37  Stargate  
  23  2:59  Pylon  
  23  3:03  Probe (Chrono Boost)  
  24  3:09  Photon Cannon  
  25  3:13  Probe (Chrono Boost)  
  25  3:15  Photon Cannon  
  25  3:25  Oracle  
  28  3:27  Oracle  
  31  3:47  Photon Cannon  
  31  3:56  Photon Cannon  
  31  4:04  Oracle  
  34  4:13  Oracle  
  37  4:23  Photon Cannon  
  37  4:25  Shield Battery  
  37  4:31  Pylon  
  37  5:05  Fleet Beacon  
  37  5:24  Photon Cannon  
  37  5:25  Photon Cannon  
  37  5:30  Shield Battery  
  25  6:21  Carrier x2 (Chrono Boost)  
  37  6:31  Nexus  
  37  6:34  Pylon  
  37  6:37  Assimilator  
  37  6:39  Probe (Chrono Boost)  
  38  6:50  Probe (Chrono Boost)  
  39  7:14  Probe (Chrono Boost)  
  40  7:25  Probe (Chrono Boost)  
  41  7:30  Probe (Chrono Boost)  
  48  7:53  Carrier (Chrono Boost)  
  48  8:01  Photon Cannon  
  48  8:05  Pylon  
  48  8:08  Pylon  
  48  8:12  Void Ray (Chrono Boost)  
  52  8:20  Graviton Catapult  
  52  8:29  Probe (Chrono Boost), Assimilator  
  54  8:35  Probe (Chrono Boost)  
  54  8:39  Probe (Chrono Boost)  
  54  8:40  Protoss Air Weapons Level 1  
  55  8:43  Probe (Chrono Boost)  
  55  8:45  Void Ray (Chrono Boost)  
  60  9:04  Pylon  
  58  9:14  Photon Cannon  
  58  9:20  Probe x2  
  60  9:32  Probe  
  61  9:38  Stargate  
  67  9:46  Carrier (Chrono Boost)  
  67  9:50  Probe x2  
  69  9:59  Tempest (Chrono Boost)  
  75  10:13  Stargate  
  75  10:17  Pylon  
  40  10:54  Void Ray x2  
Show
View Real Time Build Order
Export as new Build Order

Nifzilla Protoss 

Build Orders:  

Get SALT Encoding   

  12  0:01  Probe  
  13  0:20  Pylon  
  13  0:29  Assimilator  
  13  0:41  Gateway  
  13  0:52  Probe (Chrono Boost)  
  13  0:53  Pylon  
  15  1:04  Probe (Chrono Boost)  
  15  1:11  Probe (Chrono Boost)  
  15  1:13  Assimilator  
  16  1:18  Probe (Chrono Boost)  
  17  1:30  Probe (Chrono Boost)  
  18  1:37  Probe (Chrono Boost)  
  19  1:41  Cybernetics Core  
  19  1:55  Probe  
  20  2:11  Probe  
  21  2:23  Probe  
  21  2:24  Robotics Facility  
  21  2:28  Pylon  
  22  2:35  Probe, Warp Gate (Chrono Boost)  
  23  2:38  Pylon  
  23  2:55  Gateway  
  23  2:57  Gateway  
  23  3:00  Stalker  
  25  3:16  Pylon  
  25  3:19  Forge  
  23  3:58  Photon Cannon  
  23  4:02  Photon Cannon  
  23  4:05  Shield Battery  
  23  4:15  Immortal (Chrono Boost)  
  22  4:41  Stalker  
  22  4:42  Stalker x2  
  28  4:47  Observer  
  29  5:09  Stalker x2  
  29  5:14  Stalker  
  35  5:25  Probe (Chrono Boost)  
  37  5:36  Probe (Chrono Boost)  
  37  5:41  Probe (Chrono Boost)  
  38  5:49  Stalker x2  
  26  6:21  Stalker x2  
  26  6:22  Stalker  
  28  6:45  Stalker x2  
  28  6:46  Stalker  
  32  7:04  Pylon  
  26  7:13  Stalker  
  21  8:45  Pylon  
  15  9:46  Pylon  
  15  10:07  Photon Cannon  
  15  10:18  Cybernetics Core  
Tags
 
Add a new tag
Caveats
  • Supply blocks, unpowered buildings, or Contaminate may cause inaccurate times.
  • Supply counts are checked every 10 seconds.